 Dungeon Crawl Stone Soup version 0.31-a0-986-g5e6e4ef867 (webtiles) character file.

Game seed: 10777482142401538479

1421 Crabhammer the Grappler (level 8, -3/48 HPs)
             Began as an Octopode Shapeshifter on Nov 23, 2023.
             Was an Initiate of Wu Jian.
             Slain by a killer bee (9 damage)
             ... on level 6 of the Dungeon.
             The game lasted 00:22:04 (5524 turns).

Crabhammer the Grappler (Octopode Shapeshifter)     Turns: 5524, Time: 00:22:04

Health: -3/48      AC:  1    Str: 14    XL:     8   Next: 72%
Magic:  8/8        EV: 13    Int: 18    God:    Wu Jian [......]
Gold:   307        SH:  0    Dex: 19    Spells: 7/7 levels left

rFire   . .          .
                       - Unarmed
rCold   . . .        (no shield)
rNeg    + . .        (helmet currently unavailable)
rPois   .            (no amulet)
rElec   .            j - ring of flight
rCorr   .            q - ring of positive energy
SInv    .            s - +6 ring of dexterity
Will    .....        g - +6 ring of intelligence
Stlth   +++          (no ring)
HPRegen 0.28/turn    (no ring)
MPRegen 0.11/turn    (no ring)
                     (no ring)

%: no passive effects
@: lethally poisoned (-3 -> -22), about to teleport, beast-form, flying
A: beast (slay +3), almost no armour, amphibious, 8 rings, camouflage 1,
gelatinous body 1, (nimble swimmer 1), tentacles
a: Begin Untransformation, Renounce Religion


You were on level 6 of the Dungeon.
You worshipped Wu Jian.
Wu Jian was noncommittal.
You were a hulking beast.
You visited 2 branches of the dungeon, and saw 7 of its levels.

You collected 307 gold pieces.

Inventory:

Missiles
 e - 12 stones (quivered)
Armour
 h - a +1 hat
 m - an orb of guile
Jewellery
 g - a +6 ring of intelligence (on tentacle)
 j - a ring of flight (left tentacle)
 q - a ring of positive energy (right tentacle)
 s - a +6 ring of dexterity (on tentacle)
Talismans
 b - a beast talisman
 c - a flux talisman
 n - a maw talisman
 v - a serpent talisman
Wands
 k - a wand of mindburst (18)
Scrolls
 f - 2 scrolls of noise
 l - a scroll of teleportation
Potions
 a - a potion of lignification
 d - a potion of heal wounds
 i - a potion of curing
 o - a potion of enlightenment {unknown}
 r - 2 potions of degeneration {unknown}
 t - a potion of brilliance {unknown}
 u - a potion of magic {unknown}


   Skills:
 - Level 1.0 Fighting
 - Level 2.0 Dodging
 + Level 9.6 Unarmed Combat
 * Level 5.6 Shapeshifting


You had 7 spell levels left.
You didn't know any spells.
Your spell library contained the following spells:

 Spells                   Type           Power      Damage    Failure   Level
 Kiss of Death            Conj/Necr      0%         2d5       22%         1
 Confusing Touch          Hex            0%         N/A       54%         3
 Tukima's Dance           Hex            0%         N/A       54%         3
 Dimensional Bullseye     Hex/Tloc       0%         N/A       91%         4
 Dispel Undead            Necr           0%         3d6       91%         4
 Iskenderun's Mystic Bla  Conj/Tloc      0%         2d3       91%         4


Dungeon Overview and Level Annotations

Branches:
Dungeon (6/15)             Temple (1/1) D:5

Altars:
Ashenzari
Dithmenos
Elyvilon
Fedhas
Gozag
Hepliaklqana
Kikubaaqudgha
Makhleb
Nemelex Xobeh
Okawaru
Ru
Sif Muna
Uskayaw
Vehumet
Wu Jian
Xom
Yredelemnul
Zin
The Shining One

Shops:
D:2 :

Annotations:
Temple 2 transporters


Innate Abilities, Weirdness & Mutations

You are a hulking beast.
Your limbs bulge with bestial killing power. (Slay +3)
You cannot wear most types of armour.
You are amphibious.
You can wear up to eight rings at the same time.
Your skin changes colour to match your surroundings (Stealth+).
Your rubbery body absorbs attacks. (AC +1, EV +1)
((You are camouflaged when in or above water. (Stealth+)))
You have tentacles for arms and can constrict up to eight enemies at once.


Message History

The killer bee buzzes angrily.
Throw: 13 stones
Press: ? - help, Q - select action, (/) - cycle Shift-Dir - straight line, f/p - killer bee
Aim: a killer bee (36% to hit)
You throw a stone.
The stone hits the killer bee but does no damage.
A killer bee comes into view. 2 killer bees come into view.
Found 7 stones.
You lunge at the killer bee.
The killer bee buzzes angrily. x2
You tentacle-slap the killer bee. Your grab misses the killer bee.
You squeeze the killer bee.
The killer bee is heavily wounded.
Something shouts, "Quit, thou goatish weeb-spouting dewberry!"
The killer bee stings you! The killer bee stings you.
As you read the scroll of teleportation, it crumbles to dust.
You feel strangely unstable. The killer bee closely misses you.
The killer bee stings you. The killer bee barely misses you.
You tentacle-slap the killer bee. Your grab misses the killer bee.
The killer bee is almost dead.
The killer bee stings you. The killer bee closely misses you.
The killer bee stings you.
Unknown command.
You bludgeon the killer bee!
You kill the killer bee!
The Council accepts your kill. The killer bee stings you.
You are poisoned.
The killer bee poisons you! The killer bee stings you!
You are lethally poisoned!
The killer bee poisons you! The killer bee barely misses you.
You feel better. The killer bee stings you. x2
* * * LOW HITPOINT WARNING * * *
You are poisoned.
The killer bee poisons you! The killer bee completely misses you.
The killer bee stings you!
* * * LOW HITPOINT WARNING * * *
You are more poisoned.
The killer bee poisons you! The killer bee stings you!
You die...

.........##
(.........##
...........##
............#
............#
.$............#
........yyy...#
.....$...hy...#
..............#
......$.......#
.............##
.............#
#..........##
..#........##
#.#......##
#..#....##


You could see 4 killer bees.

Vanquished Creatures
  Grinder (D:5)
  A water moccasin (D:5)
  2 ice beasts
  2 ogres
  2 centaurs (D:5)
  Blork the orc (D:5)
  A scorpion (D:4)
  A killer bee (D:6)
  2 howler monkeys (D:5)
  A jelly (D:5)
  A gnoll bouda (D:5)
  2 iguanas
  4 adders
  12 gnolls
  4 worms
  5 dart slugs
  An orc (D:3)
  13 ball pythons
  5 bats
  3 endoplasms
  4 giant cockroaches
  7 goblins
  6 hobgoblins
  4 jackals (D:4)
  12 kobolds
  6 quokkas
  4 frilled lizards
  6 rats
113 creatures vanquished.

Notes
Turn   | Place    | Note
-------+----------+-------------------------------------------
     0 | D:1      | Crabhammer the Octopode Shapeshifter began the quest for
                  | the Orb.
     0 | D:1      | Reached XP level 1. HP: 13/13 MP: 1/1
    55 | D:1      | Reached XP level 2. HP: 18/18 MP: 2/2
   179 | D:1      | Found a faded altar of an unknown god.
   222 | D:1      | Reached skill level 4 in Unarmed Combat
   278 | D:1      | Reached XP level 3. HP: 23/23 MP: 3/3
   986 | D:2      | Reached XP level 4. HP: 28/28 MP: 4/4
  1258 | D:2      | Reached skill level 5 in Unarmed Combat
  1314 | D:2      | Found Ufeivieg's Book Shop.
  2289 | D:4      | Noticed an ogre
  2553 | D:4      | Reached XP level 5. HP: 31/33 MP: 5/5
  2669 | D:4      | Reached skill level 6 in Unarmed Combat
  2964 | D:4      | Found a shadowy altar of Dithmenos.
  2965 | D:4      | Found a glowing silver altar of Zin.
  2972 | D:4      | Reached XP level 6. HP: 38/38 MP: 6/6
  3604 | D:5      | Entered Level 5 of the Dungeon
  3707 | D:5      | Noticed an ice beast
  3743 | D:5      | Reached skill level 7 in Unarmed Combat
  3958 | D:5      | Found a staircase to the Ecumenical Temple.
  3966 | Temple   | Found a transporter.
  3966 | Temple   | Found a transporter.
  3966 | Temple   | Found a transporter.
  3966 | Temple   | Found a transporter.
  3966 | Temple   | Entered the Ecumenical Temple
  3981 | Temple   | Became a worshipper of the Wu Jian Council
  4067 | D:5      | Noticed a water moccasin
  4170 | D:5      | Noticed Blork the orc
  4176 | D:5      | Killed Blork the orc
  4177 | D:5      | Reached XP level 7. HP: 27/43 MP: 7/7
  4692 | D:5      | Reached skill level 8 in Unarmed Combat
  5072 | D:5      | Reached XP level 8. HP: 13/48 MP: 8/8
  5241 | D:5      | Noticed Grinder
  5246 | D:5      | Killed Grinder
  5247 | D:5      | Reached skill level 9 in Unarmed Combat
  5247 | D:5      | Reached skill level 5 in Shapeshifting
  5524 | D:6      | Slain by a killer bee

Illustrated notes

Levels and vault maps discovered:
D:1:      elethiomel_arrival_shortcut, layout_basic,
          dreamdust_ecumenical_altar_angels_and_demons, st_stairs_8,
          minmay_small_reverse_x
D:2:      layout_basic, serial_shops, nicolae_shop_tiny_waterfront
D:3:      layout_loops_cross
D:4:      layout_gridville, gammafunk_temple_overflow_pools
D:5:      layout_loops_ring, temple_green, uniq_grinder, uniq_blork_the_orc
D:6:      layout_cave_pods, nicolae_ossuary_entry_plus
Temple:   hellmonk_temple_divided_pantheon

Skill      XL: |  1  2  3  4  5  6  7  8 |
---------------+-------------------------+-----
Unarmed Combat | 4 5 6 7 8 9 |  9.6
Shapeshifting  | 4 5 |  5.6
Fighting       | |  1.0
Dodging        | |  2.0

Action                     |  1- 3 |  4- 6 |  7- 9 || total
---------------------------+-------+-------+-------++-------
  Melee: Unarmed           |    71 |   101 |    50 ||   222
         Constrict         |    19 |    29 |    12 ||    60
         Tentacles         |    14 |    23 |    18 ||    55
         Punch             |     1 |     5 |     4 ||    10
  Throw: Stone             |       |       |    15 ||    15
Ability: Lunge             |       |       |     7 ||     7
  Evoke: Wand              |       |       |     3 ||     3
    Use: Scroll            |       |    11 |     3 ||    14
         Potion            |       |     1 |     1 ||     2
   Stab: Sleeping          |     3 |    10 |     1 ||    14
 Armour: Skin              |    27 |    29 |    28 ||    84
  Dodge: Dodged            |    40 |    53 |    28 ||   121

Table legend: (Time is in decaauts)
 A = Elapsed time spent in this place.
 B = Non-inter-level travel time spent in this place.
 C = Inter-level travel time spent in this place.
 D = Time resting spent in this place.
 E = Time spent auto-exploring this place.
 F = Levels seen in this place.
 G = Mean time per level.
                   A        B        C        D        E       F      G
               +--------+--------+--------+--------+--------+-----+--------+
         Total |   5514 |   4791 |    723 |    812 |   2122 |   7 |  787.7 |
       Dungeon |   5483 |   4767 |    716 |    812 |   2122 |   6 |  913.8 |
        Temple |     30 |     23 |      7 |      0 |      0 |   1 |   30.0 |
               +--------+--------+--------+--------+--------+-----+--------+

Top non-repeatable levels by time:
     D:4: 1559 daAuts
     D:5: 1376 daAuts
     D:2: 853 daAuts
     D:3: 834 daAuts
     D:1: 832 daAuts
  Temple: 30 daAuts
     D:6: 26 daAuts
